 Dungeon Crawl Stone Soup version 0.20.1-1-g8b1a95d (webtiles) character file.

175 Reinor the Ducker (level 5, -1/24 HPs)
             Began as a Spriggan Earth Elementalist on July 3, 2017.
             Was an Initiate of Ashenzari.
             Killed from afar by an orc wizard (6 damage)
             ... with a magic dart
             ... on level 3 of the Dungeon.
             The game lasted 00:11:10 (2638 turns).

Reinor the Ducker (Spriggan Earth Elementalist)     Turns: 2638, Time: 00:11:11

Health: -1/24      AC:  2    Str:  4    XL:     5   Next: 29%
Magic:  1/13       EV: 20    Int: 17    God:    Ashenzari [......]
Gold:   138        SH:  0    Dex: 17    Spells: 7/13 levels left

rFire    . . .     SeeInvis +   f - +1 dagger (speed)
rCold    . . .     Gourm    .   (shield restricted)
rNeg     . . .     Faith    .   c - +0 robe
rPois    .         Spirit   .   (helmet restricted)
rElec    .         Reflect  .   h - scarf {cloud immunity} (curse)
rCorr    .         Harm     .   (gloves unavailable)
MR       .....                  (boots unavailable)
Stlth    ++........             (no amulet)
Regen    0.1/turn               n - ring of flight
MPRegen  0.2/turn               (no ring)

@: very quick
A: unfitting armour, see invisible, herbivore 3, speed 3, slow metabolism 2
a: Curse Item, Renounce Religion, Evoke Flight


You were on level 3 of the Dungeon.
You worshipped Ashenzari.
Ashenzari was noncommittal.
You were not hungry.

You visited 1 branch of the dungeon, and saw 3 of its levels.

You collected 138 gold pieces.

Inventory:

Hand Weapons
 f - a +1 dagger of speed (weapon)
Armour
 c - a +0 robe (worn)
 h - a cursed scarf of cloud immunity (worn)
Jewellery
 n - a ring of flight (left hand)
Scrolls
 a - a scroll of magic mapping {unknown}
 g - a scroll of immolation
 j - a scroll of enchant weapon
 o - 2 scrolls of remove curse
Potions
 i - 2 potions of curing
 k - a potion of cancellation {unknown}
Books
 e - a book of Geomancy

   Spells                             Type                      Level
   a - Sandblast                      Earth                        1
   b - Passwall                       Transmutation/Earth          2
   c - Stone Arrow                    Conjuration/Earth            3
   d - Petrify                        Transmutation/Earth          4
   e - Lee's Rapid Deconstruction     Earth                        5
Comestibles
 d - a bread ration
 m - a royal jelly


   Skills:
 + Level 4.8 Dodging
 - Level 3.0 Stealth
 + Level 4.7 Spellcasting
 - Level 1.3 Transmutations
 + Level 3.9 Earth Magic


You had 7 spell levels left.
You knew the following spells:

 Your Spells              Type           Power        Failure   Level  Hunger
a - Sandblast             Erth           ###...       3%          1    None
b - Passwall              Tmut/Erth      ##........   8%          2    #......
c - Stone Arrow           Conj/Erth      ##....       21%         3    ###....


Dungeon Overview and Level Annotations

Branches:
Dungeon (3/15)

Altars:
Ashenzari
Gozag


Innate Abilities, Weirdness & Mutations

You are very small and have problems with some larger weapons.
You are too small for most types of armour.
You have supernaturally acute eyesight. (SInv)
You are a herbivore.
You cover ground extremely quickly.
You need consume almost no food.


Message History

Confirm with . or Enter, or press ? or * to list all spells.
Aiming: Sandblast
Press: ? - help, Shift-Dir - straight line, f/p - orc wizard
Aim: an orc wizard, wielding a dagger and wearing a robe (almost dead)
Okay, then.
Casting: Sandblast
Confirm with . or Enter, or press ? or * to list all spells.
You don't have enough magic to cast that spell.
Unknown command.
You aren't carrying any items that you can evoke.
Unknown command.
You hit the orc wizard but do no damage.
The orc wizard is almost dead.
The orc wizard casts a spell.
The orc wizard seems to speed up.
You closely miss the orc wizard.
The orc wizard is almost dead.
The orc wizard gestures at you while chanting.
The magic dart hits you!
You die...

###'#.#.........
#....##........
#..............
#............
#.........#
#....##...#
#....)'...#
#.†.###..o#
#...#...@.#
#..o#...........
#(.o#...........
#..o#...........
#...)............
#....)...........
#................
#...........(....
#...........


You could see an orc wizard.

Vanquished Creatures
  An orc wizard (D:3)
  Robin (D:2)
  5 adders
  An ooze (D:1)
  A worm (D:3)
  3 dart slugs
  5 leopard geckos
  5 orcs (D:3)
  2 giant cockroaches (D:1)
  12 goblins
  8 hobgoblins
  7 bats
  8 frilled lizards
  9 kobolds
  4 rats
72 creatures vanquished.

Notes
Turn   | Place    | Note
-------+----------+-------------------------------------------
     0 | D:1      | Reinor the Spriggan Earth Elementalist began the quest for the Orb.
     0 | D:1      | Reached XP level 1. HP: 9/9 MP: 5/5
   210 | D:1      | Reached XP level 2. HP: 7/13 MP: 5/7
   233 | D:1      | Learned a level 2 spell: Passwall
  1316 | D:2      | Reached XP level 3. HP: 16/16 MP: 4/8
  1405 | D:2      | Learned a level 3 spell: Stone Arrow
  1529 | D:2      | Noticed Robin
  1592 | D:2      | Killed Robin
  1592 | D:2      | Reached XP level 4. HP: 16/21 MP: 0/11
  1636 | D:2      | Found a shattered altar of Ashenzari.
  1834 | D:2      | Became a worshipper of Ashenzari the Shackled
  1905 | D:2      | Found an opulent altar of Gozag.
  2569 | D:3      | Reached XP level 5. HP: 24/24 MP: 7/12
  2638 | D:3      | Killed from afar by an orc wizard

Skill      XL: |  1  2  3 |
---------------+----------+-----
Spellcasting   | 3 4 |  4.7
Earth Magic    | 3 |  3.9
Dodging        | 4 |  4.8
Stealth        | |  3.0
Transmutations | |  1.3

Action                   |  1- 3 |  4- 6 || total
-------------------------+-------+-------++-------
Melee: Unarmed           |    62 |       ||    62
       Dagger            |       |    35 ||    35
 Cast: Sandblast         |    49 |    62 ||   111
       Passwall          |     1 |     1 ||     2
Invok: Curse Item        |       |     1 ||     1
  Use: Scroll            |       |     5 ||     5
 Stab: Sleeping          |     5 |       ||     5
Armor: Robe              |    12 |     1 ||    13
Dodge: Dodged            |    60 |    50 ||   110
